 Dungeon Crawl Stone Soup version 0.29-a0-486-ga88943ba61 (webtiles) character file.

Game seed: 14644882946286551882

30 Morbidden the Digger (level 3, -5/31 HPs)
             Began as a Troll Earth Elementalist on May 26, 2022.
             Was a Follower of Wu Jian.
             Succumbed to a kobold's poison
             ... on level 1 of the Dungeon.
             The game lasted 00:01:06 (756 turns).

Morbidden the Digger (Troll Earth Elementalist)      Turns: 756, Time: 00:01:07

Health: -5/31      AC:  4    Str: 16    XL:     3   Next: 5%
Magic:  3/3        EV:  9    Int: 13    God:    Wu Jian [*.....]
Gold:   55         SH:  0    Dex: 10    Spells: 3/4 levels left

rFire   . . .      SeeInvis +   (no weapon)
rCold   . . .      Faith    .   (no shield)
rNeg    . . .      Spirit   .   b - +0 robe
rPois   .          Reflect  .   (helmet restricted)
rElec   .          Harm     .   (no cloak)
rCorr   .          Rampage  .   (gloves unavailable)
Will    .....                   (boots unavailable)
Stlth   +.........              (no amulet)
HPRegen 0.90/turn               d - ring of see invisible
MPRegen 0.08/turn               (no ring)

@: lethally poisoned (-5 -> -32)
A: large, unfitting armour, claws 3, regeneration 1, shaggy fur 1, tough skin 1
a: Renounce Religion


You were on level 1 of the Dungeon.
You worshipped Wu Jian.
Wu Jian was aware of your devotion.
You visited 1 branch of the dungeon, and saw 1 of its levels.

You collected 55 gold pieces.

Inventory:

Missiles
 a - 44 stones
Armour
 b - a +0 robe (worn)
Jewellery
 d - a ring of see invisible (left claw)
Scrolls
 e - a scroll of torment {unknown}
 f - 2 scrolls of brand weapon {unknown}
 g - a scroll of vulnerability {unknown}
 h - a scroll of fog {unknown}
Potions
 c - a potion of magic


   Skills:
 * Level 1.7 Dodging
 + Level 1.1 Stealth
 * Level 0.9 Unarmed Combat
 * Level 1.3 Spellcasting
 * Level 1.0 Transmutations
 * Level 3.2 Earth Magic


You had 3 spell levels left.
You knew the following spells:

 Your Spells              Type           Power      Damage    Failure   Level
a - Sandblast             Erth           18%        2d7       7%          1

Your spell library contained the following spells:

 Spells                   Type           Power      Damage    Failure   Level
 Passwall                 Tmut/Erth      5%         N/A       17%         2
 Stone Arrow              Conj/Erth      10%        3d7       38%         3
 Petrify                  Tmut/Erth      6%         N/A       75%         4
 Leda's Liquefaction      Hex/Erth       2%         N/A       80%         4
 Lee's Rapid Deconstruct  Erth           4%         3d6*      89%         5
 Statue Form              Tmut/Erth      4%         N/A       100%        6


Dungeon Overview and Level Annotations

Branches:
Dungeon (1/15)

Altars:
Wu Jian


Innate Abilities, Weirdness & Mutations

You are too large for most types of armour.
You have claws for hands.
Your natural rate of healing is unusually fast.
You are covered in fur. (AC +1)
You have tough skin. (AC +1)


Message History

You feel sick.
A kobold is nearby!
You closely miss the kobold.
The kobold is moderately wounded.
You feel sick.
The kobold hits you with a +2 whip of venom.
You are more poisoned.
A kobold is nearby!
You barely miss the kobold.
The kobold is moderately wounded.
You feel sick. The kobold closely misses you.
A kobold is nearby!
You scratch the kobold but do no damage.
The kobold is moderately wounded.
You feel very sick.
The kobold hits you with a +2 whip of venom.
You are more poisoned.
You are too injured to fight recklessly!
Unknown command.
You are too injured to fight recklessly!
Unknown command.
You are too injured to fight recklessly!
You closely miss the kobold.
The kobold is moderately wounded.
You feel very sick. The kobold hits you but does no damage.
You are lethally poisoned!
Unknown command.
You scratch the kobold.
The kobold is heavily wounded.
* * * LOW HITPOINT WARNING * * *
You feel extremely sick.
The kobold hits you with a +2 whip of venom.
* * * LOW HITPOINT WARNING * * *
You are more poisoned.
Okay, then.
You scratch the kobold.
You kill the kobold!
The Council accepts your kill.
You die...

###.##.....## #.
###.###...## ##. ....#
#+## #.. ....####.#
#.# #........# #.#
#.#.###..## #.#
#.#.###...## #.#
....##.....#########.#
#.#
#.#.###.........@)...#
#..
#.........############
### ....####### #####


There were no monsters in sight!

Vanquished Creatures
  A dart slug (D:1)
  3 ball pythons (D:1)
  5 bats (D:1)
  2 endoplasms (D:1)
  A giant cockroach (D:1)
  A goblin (D:1)
  3 hobgoblins (D:1)
  3 jackals (D:1)
  5 kobolds (D:1)
  2 rats (D:1)
26 creatures vanquished.

Notes
Turn   | Place    | Note
-------+----------+-------------------------------------------
     0 | D:1      | Morbidden the Troll Earth Elementalist began the quest for
                  | the Orb.
     0 | D:1      | Reached XP level 1. HP: 16/16 MP: 1/1
   149 | D:1      | Reached skill level 3 in Earth Magic
   149 | D:1      | Reached XP level 2. HP: 24/24 MP: 2/2
   262 | D:1      | Found a faded altar of an unknown god.
   284 | D:1      | Prayed at the altar of an unknown god.
   284 | D:1      | Became a worshipper of the Wu Jian Council
   284 | D:1      | Reached * piety under Wu Jian
   560 | D:1      | Reached XP level 3. HP: 31/31 MP: 3/3
   605 | D:1      | Reached skill level 1 in Transmutations
   756 | D:1      | Succumbed to a kobold's poison

Illustrated notes

Levels and vault maps discovered:
D:1:      dpeg_arrival_court, layout_loops_corners,
          chequers_ecumenical_altar_simple, minmay_hexomino_p4

Skill      XL: |  1  2  3 |
---------------+----------+-----
Earth Magic    | 3 |  3.2
Transmutations | 1 |  1.0
Dodging        | |  1.7
Stealth        | |  1.1
Unarmed Combat | |  0.9
Spellcasting   | |  1.3

Action                   || total
-------------------------++-------
Melee: Unarmed           ||    92
Invok: Lunge             ||     4
 Stab: Sleeping          ||     3
Armor: Robe              ||    44
Dodge: Dodged            ||    53

Table legend: (Time is in decaauts)
 A = Elapsed time spent in this place.
 B = Non-inter-level travel time spent in this place.
 C = Inter-level travel time spent in this place.
 D = Time resting spent in this place.
 E = Time spent auto-exploring this place.
 F = Levels seen in this place.
 G = Mean time per level.
                   A        B        C        D        E       F      G
               +--------+--------+--------+--------+--------+-----+--------+
         Total |    754 |    744 |     10 |      0 |    556 |   1 |  754.0 |
       Dungeon |    754 |    744 |     10 |      0 |    556 |   1 |  754.0 |
               +--------+--------+--------+--------+--------+-----+--------+

Top non-repeatable levels by time:
     D:1: 754 daAuts
